[ AOE2 MATCH · #507211709 ]
UnrankedDravidians vs Shu
Player's team · WIN
Rival team · LOSS
[ REPLAY ANALYSIS · EXTRACTED FROM THE RECORDED GAME ]
Feudal
10:19
Castle
21:01
Imperial
34:31
| APM avg | 46.6 |
| APM peak | 92 |
| eAPM avg | 25.7 |
| Villagers / military | 98 / 43 |
Focus
⚔️ 36.8% · 🌾 63.2%
Elephant Archer ×14 · Urumi Swordsman ×10 · Skirmisher ×9 · Militia ×4 · Mangonel ×4 · Monk ×2
Feudal
9:19
Castle
21:32
Imperial
—
| APM avg | 54.7 |
| APM peak | 101 |
| eAPM avg | 21.1 |
| Villagers / military | 127 / 54 |
Focus
⚔️ 30.3% · 🌾 69.7%
Archer ×43 · Battering Ram ×8 · Mangonel ×2 · Monk ×1
Match map
Initial resources + every placement click. Lines = walls · curves = elevation contours. ◆ gold · ⬟ stone · ● berries · ✦ relic · ◌ wall gap
Your base· Open — unwalled flank
刻骨銘心's base· Open — unwalled flank
Smoothed initial terrain · ◌ = detected wall gap · hover for details
Inputs per minute
— BOT jose - - 刻骨銘心
Build order — BOT jose
First 150 of 240 actions detected
| 0:00 | Queue | Villager (Male) |
| 0:02 | Build | House |
| 0:03 | Build | House |
| 0:16 | Queue | Villager (Male) ×3 |
| 1:31 | Queue | Villager (Male) |
| 1:32 | Queue | Villager (Male) |
| 1:32 | Queue | Villager (Male) |
| 1:58 | Build | Lumber Camp |
| 1:59 | Queue | Villager (Male) |
| 1:59 | Queue | Villager (Male) |
| 2:14 | Queue | Villager (Male) |
| 2:14 | Queue | Villager (Male) |
| 2:14 | Queue | Villager (Male) |
| 2:46 | Queue | Villager (Male) |
| 3:05 | Queue | Villager (Male) |
| 3:05 | Queue | Villager (Male) |
| 3:05 | Queue | Villager (Male) |
| 3:32 | Queue | Villager (Male) |
| 3:33 | Queue | Villager (Male) |
| 3:50 | Build | House |
| 4:02 | Queue | Villager (Male) |
| 4:02 | Queue | Villager (Male) |
| 4:02 | Queue | Villager (Male) |
| 4:18 | Build | Mill |
| 4:26 | Build | Mill |
| 4:30 | Queue | Villager (Male) |
| 4:30 | Queue | Villager (Male) |
| 4:53 | Queue | Villager (Male) |
| 4:53 | Queue | Villager (Male) |
| 5:17 | Queue | Villager (Male) |
| 5:22 | Build | House |
| 5:47 | Queue | Villager (Male) |
| 6:11 | Queue | Villager (Male) |
| 6:36 | Queue | Villager (Male) |
| 7:02 | Queue | Villager (Male) |
| 7:35 | Research | Loom |
| 8:09 | Research | Feudal Age |
| 8:09 | Research | Feudal Age |
| 8:16 | Build | Barracks |
| 8:33 | Build | House |
| 8:52 | Build | Mining Camp |
| 8:59 | Queue | Militia |
| 8:59 | Queue | Militia |
| 9:00 | Queue | Militia |
| 9:18 | Queue | Militia |
| 9:32 | Queue | Villager (Male) |
| 9:46 | Queue | Villager (Male) |
| 9:54 | Build | Mining Camp |
| 10:19 | Age | Feudal Age |
| 10:26 | Build | Market |
| 10:30 | Build | Farm |
| 10:31 | Build | Farm |
| 10:34 | Research | Double-Bit Axe |
| 10:34 | Queue | Villager (Male) |
| 10:58 | Queue | Villager (Male) |
| 11:13 | Build | Watch Tower |
| 11:18 | Queue | Villager (Male) |
| 11:26 | Build | Farm |
| 11:33 | Build | House |
| 11:39 | Build | Blacksmith |
| 11:41 | Queue | Villager (Male) |
| 12:30 | Queue | Villager (Male) |
| 12:33 | Research | Man-at-Arms (upgrade) |
| 12:33 | Research | Man-at-Arms (upgrade) |
| 12:52 | Build | Farm |
| 12:54 | Build | Farm |
| 12:56 | Queue | Villager (Male) |
| 12:59 | Build | House |
| 13:15 | Queue | Villager (Male) |
| 13:18 | Queue | Villager (Male) |
| 13:21 | Build | Farm |
| 13:33 | Build | Watch Tower |
| 13:35 | Queue | Villager (Male) |
| 14:07 | Build | Mining Camp |
| 14:13 | Queue | Villager (Male) |
| 14:24 | Build | Farm |
| 14:30 | Queue | Villager (Male) |
| 14:34 | Build | Farm |
| 15:04 | Build | Archery Range |
| 15:11 | Build | Farm |
| 15:33 | Build | House |
| 15:41 | Queue | Villager (Male) |
| 15:44 | Queue | Skirmisher |
| 15:44 | Queue | Skirmisher |
| 15:47 | Research | Fletching |
| 15:49 | Build | Farm |
| 15:52 | Queue | Villager (Male) |
| 16:05 | Build | Farm |
| 16:07 | Build | Farm |
| 16:08 | Queue | Villager (Male) |
| 16:15 | Queue | Skirmisher |
| 16:32 | Build | Watch Tower |
| 16:47 | Queue | Villager (Male) |
| 17:06 | Queue | Skirmisher |
| 17:20 | Queue | Villager (Male) |
| 17:30 | Build | House |
| 17:30 | Build | House |
| 18:01 | Queue | Skirmisher |
| 18:16 | Research | Castle Age |
| 18:16 | Research | Castle Age |
| 18:22 | Queue | Skirmisher |
| 18:44 | Build | Farm |
| 18:58 | Research | Horse Collar |
| 19:25 | Build | Watch Tower |
| 19:34 | Queue | Villager (Male) |
| 20:31 | Queue | Villager (Male) |
| 20:38 | Research | Gold Mining |
| 20:39 | Research | Gold Mining |
| 21:01 | Age | Castle Age |
| 21:05 | Build | Siege Workshop |
| 21:09 | Research | Bow Saw |
| 21:09 | Research | Bow Saw |
| 21:18 | Build | Town Center |
| 21:34 | Queue | Mangonel |
| 21:43 | Queue | Villager (Male) |
| 21:48 | Build | House |
| 21:53 | Queue | Villager (Male) |
| 22:09 | Research | Long Swordsman (upgrade) |
| 22:13 | Queue | Mangonel |
| 22:18 | Queue | Villager (Male) |
| 22:24 | Build | Farm |
| 22:26 | Queue | Villager (Male) |
| 22:50 | Queue | Villager (Male) |
| 22:50 | Queue | Villager (Male) |
| 23:08 | Queue | Villager (Male) |
| 23:14 | Build | Castle |
| 23:15 | Build | Mining Camp |
| 23:27 | Queue | Villager (Male) |
| 23:33 | Build | Farm |
| 23:36 | Build | Farm |
| 23:36 | Build | Farm |
| 23:37 | Build | Farm |
| 23:58 | Queue | Villager (Male) |
| 24:03 | Build | Farm |
| 24:14 | Queue | Villager (Male) |
| 24:16 | Build | Farm |
| 24:18 | Build | Farm |
| 24:32 | Queue | Villager (Male) |
| 24:54 | Queue | Mangonel |
| 25:10 | Queue | Villager (Male) |
| 25:13 | Queue | Villager (Male) |
| 25:33 | Queue | Villager (Male) |
| 25:36 | Queue | Villager (Male) |
| 25:40 | Build | Monastery |
| 25:44 | Queue | Villager (Male) |
| 25:44 | Queue | Villager (Male) |
| 25:49 | Build | Farm |
| 25:51 | Build | Farm |
| 26:16 | Queue | Mangonel |
| 26:19 | Build | Mining Camp |
Build order — 刻骨銘心
First 150 of 311 actions detected
| 0:00 | Queue | Villager (Male) |
| 0:00 | Queue | Villager (Male) |
| 0:02 | Build | House |
| 0:04 | Build | House |
| 0:21 | Queue | Villager (Male) |
| 0:27 | Queue | Villager (Male) |
| 1:31 | Queue | Villager (Male) |
| 1:31 | Queue | Villager (Male) |
| 2:03 | Build | Mill |
| 2:07 | Queue | Villager (Male) |
| 2:07 | Queue | Villager (Male) |
| 2:29 | Queue | Villager (Male) |
| 2:29 | Queue | Villager (Male) |
| 2:58 | Queue | Villager (Male) |
| 2:59 | Queue | Villager (Male) |
| 3:24 | Queue | Villager (Male) |
| 3:24 | Queue | Villager (Male) |
| 3:49 | Queue | Villager (Male) |
| 3:49 | Queue | Villager (Male) |
| 3:53 | Queue | Villager (Male) |
| 4:01 | Build | House |
| 4:05 | Queue | Villager (Male) |
| 4:06 | Queue | Villager (Male) |
| 4:51 | Queue | Villager (Male) |
| 4:51 | Queue | Villager (Male) |
| 5:15 | Queue | Villager (Male) |
| 5:16 | Queue | Villager (Male) |
| 5:18 | Build | Lumber Camp |
| 6:02 | Queue | Villager (Male) |
| 6:36 | Research | Loom |
| 6:55 | Research | Feudal Age |
| 6:56 | Research | Feudal Age |
| 8:16 | Build | Barracks |
| 8:23 | Build | House |
| 8:42 | Queue | Villager (Male) |
| 9:19 | Age | Feudal Age |
| 9:26 | Build | Archery Range |
| 9:30 | Build | House |
| 9:32 | Research | Double-Bit Axe |
| 9:36 | Queue | Villager (Male) |
| 9:56 | Build | Mining Camp |
| 10:06 | Queue | Archer |
| 10:09 | Queue | Villager (Male) |
| 10:34 | Build | Archery Range |
| 10:37 | Build | Palisade Wall |
| 10:39 | Queue | Villager (Male) |
| 10:58 | Queue | Villager (Male) |
| 11:01 | Build | House |
| 11:02 | Build | Palisade Wall |
| 11:05 | Build | Palisade Wall |
| 11:13 | Queue | Villager (Male) |
| 11:15 | Queue | Villager (Male) |
| 11:19 | Queue | Villager (Male) |
| 11:28 | Queue | Villager (Male) |
| 11:30 | Queue | Archer |
| 11:39 | Build | House |
| 11:48 | Queue | Archer |
| 11:49 | Queue | Archer |
| 11:52 | Queue | Villager (Male) |
| 12:03 | Build | Mill |
| 12:05 | Queue | Villager (Male) |
| 12:12 | Queue | Villager (Male) |
| 12:21 | Build | House |
| 12:37 | Queue | Archer |
| 12:41 | Build | House |
| 12:43 | Build | House |
| 12:46 | Queue | Villager (Male) |
| 12:48 | Build | Farm |
| 12:56 | Queue | Archer |
| 13:06 | Build | Lumber Camp |
| 13:12 | Queue | Villager (Male) |
| 13:21 | Queue | Archer |
| 13:25 | Build | Farm |
| 13:26 | Build | Farm |
| 13:33 | Build | House |
| 13:55 | Queue | Archer |
| 13:55 | Queue | Archer |
| 14:08 | Build | House |
| 14:09 | Queue | Villager (Male) |
| 14:10 | Build | Farm |
| 14:18 | Queue | Archer |
| 14:20 | Queue | Villager (Male) |
| 14:43 | Queue | Archer |
| 14:43 | Queue | Archer |
| 14:44 | Queue | Villager (Male) |
| 14:46 | Build | House |
| 14:51 | Build | Farm |
| 14:52 | Build | Farm |
| 14:53 | Queue | Villager (Male) |
| 15:06 | Queue | Archer |
| 15:06 | Queue | Archer |
| 15:09 | Queue | Villager (Male) |
| 15:11 | Build | Farm |
| 15:12 | Build | Farm |
| 15:18 | Queue | Villager (Male) |
| 15:20 | Build | House |
| 15:33 | Build | Farm |
| 15:33 | Queue | Villager (Male) |
| 15:45 | Queue | Villager (Male) |
| 16:13 | Queue | Villager (Male) |
| 16:29 | Build | Blacksmith |
| 16:43 | Queue | Villager (Male) |
| 17:08 | Queue | Archer |
| 17:08 | Queue | Archer |
| 17:11 | Queue | Villager (Male) |
| 17:14 | Build | Lumber Camp |
| 17:25 | Build | Watch Tower |
| 17:51 | Queue | Villager (Male) |
| 17:59 | Queue | Villager (Male) |
| 18:12 | Research | Fletching |
| 18:37 | Build | Market |
| 18:52 | Research | Castle Age |
| 18:52 | Research | Castle Age |
| 19:02 | Queue | Archer |
| 19:02 | Queue | Archer |
| 19:23 | Research | Gold Mining |
| 20:16 | Build | Farm |
| 20:16 | Build | Farm |
| 20:16 | Build | Farm |
| 20:30 | Queue | Archer |
| 20:30 | Queue | Archer |
| 20:36 | Build | House |
| 20:43 | Queue | Archer |
| 20:43 | Queue | Archer |
| 21:07 | Queue | Archer |
| 21:07 | Queue | Archer |
| 21:32 | Age | Castle Age |
| 21:32 | Research | Bodkin Arrow |
| 21:33 | Research | Bodkin Arrow |
| 21:33 | Research | Crossbowman (upgrade) |
| 21:36 | Queue | Villager (Male) |
| 21:39 | Build | Siege Workshop |
| 21:47 | Queue | Villager (Male) |
| 22:02 | Queue | Villager (Male) |
| 22:06 | Build | Farm |
| 22:12 | Build | Town Center |
| 22:13 | Build | Farm |
| 22:39 | Queue | Villager (Male) |
| 22:42 | Queue | Archer |
| 22:42 | Queue | Archer |
| 22:48 | Build | Farm |
| 22:49 | Build | Farm |
| 22:50 | Queue | Mangonel |
| 23:00 | Queue | Villager (Male) |
| 23:00 | Queue | Villager (Male) |
| 23:12 | Queue | Villager (Male) |
| 23:12 | Queue | Villager (Male) |
| 23:21 | Queue | Villager (Male) |
| 23:37 | Queue | Villager (Male) |
| 23:41 | Research | Bow Saw |
Match timeline
| 8:16 | BOT jose · first_building Barracks |
| 8:16 | 刻骨銘心 · first_building Barracks |
| 9:19 | 刻骨銘心 · age_up feudal |
| 9:26 | 刻骨銘心 · first_building Archery Range |
| 10:19 | BOT jose · age_up feudal |
| 10:37 | 刻骨銘心 · wall_segment Palisade Wall x1 |
| 11:02 | 刻骨銘心 · wall_segment Palisade Wall x1 |
| 11:05 | 刻骨銘心 · wall_segment Palisade Wall x1 |
| 15:04 | BOT jose · first_building Archery Range |
| 21:01 | BOT jose · age_up castle |
| 21:05 | BOT jose · first_building Siege Workshop |
| 21:32 | 刻骨銘心 · age_up castle |
| 21:39 | 刻骨銘心 · first_building Siege Workshop |
| 22:08 | 刻骨銘心 · first_market_buy 100 stone |
| 23:14 | BOT jose · first_building Castle |
| 23:19 | 刻骨銘心 · first_market_sell 100 wood |
| 25:40 | BOT jose · first_building Monastery |
| 28:36 | 刻骨銘心 · first_building Monastery |
| 30:48 | BOT jose · first_market_buy 100 food |
| 34:23 | BOT jose · first_building Stable |
| 34:28 | BOT jose · wall_segment Palisade Wall x1 |
| 34:29 | BOT jose · wall_segment Palisade Wall x1 |
| 34:31 | BOT jose · wall_segment Palisade Wall x1 |
| 34:31 | BOT jose · age_up imperial |
| 34:53 | 刻骨銘心 · resign |
[ AI ANALYSIS · 1 CREDIT ]
What really happened in this match?
Wolo.gg analyzes every decision: build order, eco, micro, common mistakes by bracket. Personalized analysis on WhatsApp or Discord in 30 seconds.
Civ guide
Dravidians
Perfil
Jugador #16231506